 Dungeon Crawl Stone Soup version 0.28.0-53-g5a82cb258f (webtiles) character file.

Game seed: 3805059525087836244

113 safid the Chopper (level 4, -3/40 HPs)
             Began as a Hill Orc Fighter on July 29, 2022.
             Was a Follower of Zin.
             Killed from afar by an orc wizard (5 damage)
             ... with a magic dart
             ... on level 2 of the Dungeon.
             The game lasted 00:03:46 (2037 turns).

safid the Chopper (Hill Orc Fighter)                Turns: 2037, Time: 00:03:47

Health: -3/40      AC:  8    Str: 26    XL:     4   Next: 96%
Magic:  4/4        EV:  9    Int:  8    God:    Zin [*.....]
Gold:   53         SH:  4    Dex: 10    Spells: 3/3 levels left

rFire   . . .      SeeInvis .   a - +0 war axe
rCold   . . .      Faith    .   c - +0 buckler
rNeg    . . .      Spirit   .   b - +0 scale mail
rPois   .          Reflect  .   i - +0 helmet
rElec   .          Harm     .   (no cloak)
rCorr   .          Rampage  .   (no gloves)
Will    .....                   (no boots)
Stlth   ..........              (no amulet)
HPRegen 0.13/turn               j - +6 ring of strength
MPRegen 0.09/turn               (no ring)

@: no status effects
A: no striking features
a: Renounce Religion, Recite, Donate Gold


You were on level 2 of the Dungeon.
You worshipped Zin.
Zin was aware of your devotion.
You visited 1 branch of the dungeon, and saw 3 of its levels.

You collected 58 gold pieces.
You donated 5 gold pieces to Zin.

Inventory:

Hand Weapons
 a - a +0 war axe (weapon)
Missiles
 h - 2 silver javelins (quivered)
Armour
 b - a +0 scale mail (worn)
 c - a +0 buckler (worn)
 i - a +0 helmet (worn)
Jewellery
 j - a +6 ring of strength (left hand)
Scrolls
 e - a scroll of identify {unknown}
 g - a scroll of immolation {unknown}
Potions
 d - 3 potions of might
 f - a potion of lignification {unknown}


   Skills:
 - Level 4.0 Fighting
 + Level 5.0 Axes
 - Level 4.0 Armour
 - Level 4.0 Shields


You had 3 spell levels left.
You didn't know any spells.
Your spell library contained the following spells:

 Spells                   Type           Power      Damage    Failure   Level
 Pain                     Necr           0%         1d4       77%         1
 Ensorcelled Hibernation  Hex/Ice        0%         N/A       88%         2
 Passwall                 Tmut/Erth      0%         N/A       88%         2
 Call Canine Familiar     Summ           0%         N/A       98%         3
 Gell's Gravitas          Tloc           0%         N/A       98%         3
 Portal Projectile        Hex/Tloc       0%         N/A       98%         3
 Swiftness                Air            0%         N/A       98%         3
 Teleport Other           Tloc           0%         N/A       98%         3
 Leda's Liquefaction      Hex/Erth       0%         N/A       100%        4
 Agony                    Necr           0%         N/A       100%        5
 Excruciating Wounds      Necr           0%         N/A       100%        5
 Dispersal                Tloc           0%         N/A       100%        6


Dungeon Overview and Level Annotations

Branches:
Dungeon (3/15)

Altars:
Zin

Shops:
D:2 [


Message History

The orc priest hits you but does no damage.
You barely miss the orc priest. You barely miss something.
Something hits you but does no damage. The orc priest barely misses you.
The orc priest shouts, "Surrender to Beogh and we'll let you live!"
You closely miss the orc priest. You miss something.
You block something's attack.
The orc priest hits you but does no damage.
Unknown command.
You completely miss the orc priest. You miss something.
Something hits you but does no damage.
The orc priest looks braver for a moment.
Something hits you but does no damage.
The orc priest hits you with a +0 falchion.
* * * LOW HITPOINT WARNING * * *
Unknown command.
You closely miss the orc priest. You closely miss something.
Something hits you but does no damage.
The orc priest hits you with a +0 falchion.
* * * LOW HITPOINT WARNING * * *
The orc priest threatens, "By the altar or by the axe, you will meet Beogh!"
Unknown command.
The orc priest calls down the wrath of Beogh upon you.
Something hits you.
* * * LOW HITPOINT WARNING * * *
You see here a scroll labelled TIYNAUM QUCRACATWO.
There is a stone staircase leading up here.
Something hits you.
* * * LOW HITPOINT WARNING * * *
You climb upwards.
Reactivating autopickup.
There is a stone staircase leading down here.
Unknown command.
Deactivating autopickup; reactivate with Ctrl-A.
You closely miss something.
You hear some strange, mumbled words.
Something tries to affect you, but you resist.
You hear some strange, mumbled words.
A magic dart appears from out of thin air!
The magic dart hits you.
You die...

.### #.# #.≈§≈≈§.# #.# .#
#.# #..≈≈≈..# #.. .# #.#
##..∩..## #.. .# #.#
###########.# .# #.#
######...).......# .# #.#
#.......########## .# #.#
#.####### # .# #.# #{#
######## .# #.# #@# #.......
.## #.######.# #.######
#.#######........# #.#
##............############.#
#.#######..##..............#
...........#################
##########.# # #.# ### #.#


There were no monsters in sight!

Vanquished Creatures
  Robin (D:2)
  3 adders (D:2)
  A worm (D:2)
  An orc (D:3)
  5 ball pythons
  2 bats (D:1)
  9 endoplasms
  4 giant cockroaches
  12 goblins
  8 hobgoblins
  4 kobolds
  4 quokkas (D:1)
  6 frilled lizards
  3 rats
63 creatures vanquished.

Vanquished Creatures (others)
  A fungus (D:1)
  6 plants (D:1)
7 creatures vanquished.

Grand Total: 70 creatures vanquished

Notes
Turn   | Place    | Note
-------+----------+-------------------------------------------
     0 | D:1      | safid the Hill Orc Fighter began the quest for the Orb.
     0 | D:1      | Reached XP level 1. HP: 19/19 MP: 1/1
    48 | D:1      | Reached skill level 3 in Axes
    48 | D:1      | Reached XP level 2. HP: 24/27 MP: 2/2
    80 | D:1      | Found a faded altar of an unknown god.
    84 | D:1      | Prayed at the altar of an unknown god.
    84 | D:1      | Became a worshipper of Zin the Law-Giver
    84 | D:1      | Reached * piety under Zin
   448 | D:1      | Reached XP level 3. HP: 29/33 MP: 3/3
  1279 | D:2      | Reached XP level 4. HP: 40/40 MP: 4/4
  1288 | D:2      | Reached skill level 4 in Axes
  1418 | D:2      | Noticed Robin
  1431 | D:2      | Killed Robin
  1813 | D:2      | Found Utod's Antique Armour Emporium.
  1877 | D:2      | Reached skill level 5 in Axes
  2035 | D:3      | HP: 2/40 [something (2)]
  2037 | D:2      | Killed from afar by an orc wizard

Illustrated notes

Levels and vault maps discovered:
D:1:      minmay_arrival_three_doors, layout_rooms,
          shapermc_ecumenical_altar_mp_urbaneastern, serial_bayou,
          serial_bayou_ford_a, serial_bayou_lagoon_b, serial_bayou_shore_a,
          serial_bayou_pond_e, minmay_tetromino_t4
D:2:      layout_loops_ring, serial_shops, nicolae_lakefront_shop,
          small_statue_intersection, uniq_robin
D:3:      layout_rooms

Skill      XL: |  1  2  3  4 |
---------------+-------------+-----
Axes           | 3 5 |  5.0
Fighting       | 4 |  4.0
Armour         | 4 |  4.0
Shields        | 4 |  4.0

Action                   |  1- 3 |  4- 6 || total
-------------------------+-------+-------++-------
Melee: War axe           |   126 |    57 ||   183
Armor: Scale mail        |    61 |    30 ||    91
Dodge: Dodged            |    74 |    19 ||    93
Block: Buckler           |    27 |    21 ||    48
